 Dungeon Crawl Stone Soup version 0.26.1-11-gd32895ea62 (webtiles) character file.

Game seed: 6351535358423041331

14 phalm the Chiller (level 2, 0/19 HPs)
             Began as a Barachi Ice Elementalist on June 10, 2021.
             Slain by a dart slug (2 damage)
             ... on level 1 of the Dungeon.
             The game lasted 00:01:30 (610 turns).

phalm the Chiller (Barachi Ice Elementalist)         Turns: 610, Time: 00:01:31

Health: 0/19       AC:  2    Str:  9    XL:     2   Next: 41%
Magic:  0/5        EV: 12    Int: 21    God:
Gold:   41         SH:  0    Dex: 12    Spells: 4/5 levels left

rFire    . . .     SeeInvis .   c - +0 club
rCold    . . .     Faith    .   (no shield)
rNeg     . . .     Spirit   .   a - +0 robe
rPois    .         Reflect  .   (no helmet)
rElec    .         Harm     .   (no cloak)
rCorr    .         Rampage  .   (no gloves)
Will     .....                  (no boots)
Stlth    ++........             (no amulet)
HPRegen  0.06/turn              I - +6 ring of intelligence
MPRegen  0.09/turn              (no ring)

@: slow
A: +LOS, swims, slowness 1, strong legs 1
a: Hop


You were on level 1 of the Dungeon.
You visited 1 branch of the dungeon, and saw 1 of its levels.

You collected 41 gold pieces.


Innate Abilities, Weirdness & Mutations

You can be seen from farther away. (+LOS)
You can swim through water.
You cover ground slowly.
You can hop short distances.


   Skills:
 - Level 2.1 Dodging
 - Level 1.7 Stealth
 - Level 2.1 Spellcasting
 + Level 5.6 Ice Magic


You had 4 spell levels left.
You knew the following spells:

 Your Spells              Type           Power        Failure   Level
f - Freeze                Ice            100%         1%          1

Your spell library contained the following spells:

 Spells                   Type           Power        Failure   Level
 Frozen Ramparts          Ice            50%          4%          3
 Ozocubu's Armour         Ice            25%          4%          3
 Hailstorm                Conj/Ice       14%          41%         4
 Summon Ice Beast         Ice/Summ       14%          41%         4

Inventory:

Hand Weapons
 c - a +0 club (weapon)
   (You took it off a hobgoblin on level 1 of the Dungeon)
Missiles
 b - 16 bolts
 d - 10 sling bullets
Armour
 a - a +0 robe (worn)
Jewellery
 I - a +6 ring of intelligence (left hand)
   (You found it on level 1 of the Dungeon)

Dungeon Overview and Level Annotations

Branches:
Dungeon (1/15)

Altars:

......# ?....#######
...........# ...........#
#### # ..........# #...
#(#+##........# #...
#..[.........# #...
#............# #...
#.$.w@......†# ##..
................# #..
................#######..
.$.......................
####>....................
##................###+
#...........###### #.
############### #. #...#
#.


You could see a dart slug.


Message History

😎 MP[-1]
You lost 1 mp, and now have 1/5 mp.
A bat is nearby!
There is an open door here.
Things that are here:
a rat corpse; a giant cockroach corpse As you close the door, pushing everything out of the way, it creaks loudly!
As you open the door, it creaks loudly!
A bat is nearby! 😎 MP[+4]
Your mp is fully restored (5).
The bat completely misses you. The bat barely misses you.
There is an open door here.
You freeze the bat. The bat misses you.
The bat hits you but does no damage. 😎 MP[-1]
You lost 1 mp, and now have 4/5 mp.
You freeze the bat!
You kill the bat! 😎 MP[-1]
You lost 1 mp, and now have 3/5 mp.
You see here a rat corpse.
You see here a bat corpse.
You now have 11 gold pieces.
Found a stone staircase leading down. 😎 MP[+2]
Your mp is fully restored (5).
There is a stone staircase leading down here.
You now have 22 gold pieces (gained 11).
You now have 35 gold pieces (gained 13).
You now have 41 gold pieces (gained 6).
e - a glowing jade ring You feel clever.
e - a +6 ring of intelligence (left hand)
I - a +6 ring of intelligence (left hand)
A hobgoblin comes into view.
The hobgoblin shouts!
A bat comes into view.
The hobgoblin barely misses you.
The bat moves out of view.
You freeze the hobgoblin!
You kill the hobgoblin! 😎 MP[-1]
You lost 1 mp, and now have 4/5 mp.
A bat is nearby!
The bat hits you.
Found 18 bolts.
Found a stone staircase leading down. 😕 HP[-1]
You take 1 damage, and now have 18/19 hp.
A dart slug comes into view.
The bat hits you but does no damage. The bat barely misses you.
The bat hits you but does no damage. 😎 HP[+1]
Your hp is fully restored (19).
You freeze the bat. The bat hits you. 😕 HP[-1] MP[-1]
You take 1 damage, and now have 18/19 hp.
You lost 1 mp, and now have 3/5 mp.
The bat barely misses you.
You freeze the bat!
You kill the bat!
The dart slug launches a dart at you. The slug dart hits you. 😮 HP[-4]
You take 4 damage, and now have 14/19 hp.
MASSIVE DAMAGE!! (PAUSE)
You are too injured to fight recklessly!
Aiming: Freeze (safe; 1% risk of failure)
Press: ? - help, Q - select action, (/) - cycle Shift-Dir - straight line, f - dart slug
Aim: a dart slug You freeze the dart slug.
The dart slug barely misses you. 😮 MP[-1]
You lost 1 mp, and now have 2/5 mp.
Aiming: Freeze (safe; 1% risk of failure)
Press: ? - help, Q - select action, (/) - cycle Shift-Dir - straight line, f/p - dart slug
Aim: a dart slug (lightly wounded)
You freeze the dart slug! 😮 MP[-1]
You lost 1 mp, and now have 1/5 mp.
Aiming: Freeze (safe; 1% risk of failure)
Press: ? - help, Q - select action, (/) - cycle Shift-Dir - straight line, f/p - dart slug
Aim: a dart slug (almost dead)
You freeze the dart slug.
The dart slug bites you. 😮 HP[-3] MP[-1]
You take 3 damage, and now have 11/19 hp.
You lost 1 mp, and now have 0/5 mp.
A dart slug is nearby!
You hit the dart slug but do no damage. The dart slug bites you.
* * * LOW HITPOINT WARNING * * *
😨 HP[-3]
You take 3 damage, and now have 8/19 hp.
You hit the dart slug but do no damage. The dart slug launches a dart at you.
The slug dart hits you.
* * * LOW HITPOINT WARNING * * *
😱 HP[-6]
You take 6 damage, and now have 2/19 hp.
MASSIVE DAMAGE!! (PAUSE)
You hit the dart slug but do no damage. The dart slug bites you.
You die...

Skill      XL: |  1 |
---------------+----+-----
Ice Magic      | 5 |  5.6
Dodging        | |  2.1
Stealth        | |  1.7
Spellcasting   | |  2.1

Action                   || total
-------------------------++-------
Melee: Unarmed           ||    21
       Club              ||     3
 Cast: Freeze            ||    19
Armor: Robe              ||     5
Dodge: Dodged            ||    24

Levels and vault maps discovered:
D:1:      mrwooster_arrival_arrow, layout_basic, chequers_jeans

Notes
Turn   | Place    | Note
-------+----------+-------------------------------------------
     0 | D:1      | phalm the Barachi Ice Elementalist began the quest for the
                  | Orb.
     0 | D:1      | Reached XP level 1. HP: 13/13 MP: 3/3
     0 | D:1      | magus.rc [v1.9.10]
    33 | D:1      | Reached skill level 5 in Ice Magic
    40 | D:1      | HP: 3/13 [goblin (2)]
   325 | D:1      | Reached XP level 2. HP: 19/19 MP: 1/5
   609 | D:1      | HP: 2/19 [dart slug/slug dart (6)]
   610 | D:1      | Slain by a dart slug

Vanquished Creatures
  2 ball pythons (D:1)
  2 bats (D:1)
  A giant cockroach (D:1)
  2 goblins (D:1)
  2 hobgoblins (D:1)
  2 rats (D:1)
11 creatures vanquished.

Table legend:
 A = Non-vault XP
 B = Vault XP
 C = Vault XP percentage of total XP
 D = Non-vault monster count
 E = Vault monster count
 F = Vault count percentage of total count
                 A         B        C        D         E       F
            +---------+---------+-------+---------+---------+-------
      Total |      20 |       0 |   0.0 |      11 |       0 |   0.0
            +---------+---------+-------+---------+---------+-------
        D:1 |      20 |       0 |   0.0 |      11 |       0 |   0.0
            +---------+---------+-------+---------+---------+-------

Illustrated notes

Table legend:
 A = Kills in this place as a percentage of kills in entire the game.
 B = Kills by you in this place as a percentage of kills by you in the entire game.
 C = Kills by friends in this place as a percentage of kills by friends in the entire game.
 D = Other kills in this place as a percentage of other kills in the entire game.
 E = Experience gained in this place as a percentage of experience gained in the entire game.
 F = Experience gained in this place divided by the number of levels of this place that you have seen.
                   A       B       C       D       E      F
               +-------+-------+-------+-------+-------+----------------------
         Total | 100.0 | 100.0 |   N/A |   N/A | 100.0 |  20.0
       Dungeon | 100.0 | 100.0 |   N/A |   N/A | 100.0 |  20.0
               +-------+-------+-------+-------+-------+----------------------

Table legend: (Time is in decaauts)
 A = Elapsed time spent in this place.
 B = Non-inter-level travel time spent in this place.
 C = Inter-level travel time spent in this place.
 D = Time resting spent in this place.
 E = Time spent auto-exploring this place.
 F = Levels seen in this place.
 G = Mean time per level.
                   A        B        C        D        E       F      G
               +--------+--------+--------+--------+--------+-----+--------+
         Total |    653 |    653 |      0 |      0 |    563 |   1 |  653.0 |
       Dungeon |    653 |    653 |      0 |      0 |    563 |   1 |  653.0 |
               +--------+--------+--------+--------+--------+-----+--------+

Top non-repeatable levels by time:
     D:1: 653 daAuts
